 Dungeon Crawl Stone Soup version 0.24-a0-375-g4de66ed42b (webtiles) character file.

Game seed: 2443309975799637189

112 tsouns the Grave Robber (level 4, -3/30 HPs)
             Began as a Mummy Necromancer on May 31, 2019.
             Slain by a worker ant (7 damage)
             ... on level 3 of the Dungeon.
             The game lasted 00:05:55 (1994 turns).

tsouns the Grave Robber (Mummy Necromancer)         Turns: 1994, Time: 00:05:56

Health: -3/30      AC:  2    Str: 11    XL:     4   Next: 64%
Magic:  0/9        EV: 12    Int: 15    God:
Gold:   53         SH:  0    Dex: 12    Spells: 1/10 levels left

rFire    x . .     SeeInvis .   d - +1 mace
rCold    + . .     Gourm    .   (no shield)
rNeg     + + +     Faith    .   a - +0 robe
rPois    ∞         Spirit   .   (no helmet)
rElec    .         Reflect  .   (no cloak)
rCorr    .         Harm     .   (no gloves)
MR       .....                  (no boots)
Stlth    ++........             g - amulet of inaccuracy (curse)
HPRegen  0.10/turn              (no ring)
MPRegen  0.11/turn              (no ring)

@: no status effects
A: no food or potions, fire vulnerability, cold resistance 1, negative energy
resistance 3, torment resistance, unbreathing
a: no special abilities


You were on level 3 of the Dungeon.
You were not hungry.

You visited 1 branch of the dungeon, and saw 3 of its levels.

You collected 53 gold pieces.

Inventory:

Hand Weapons
 d - a +1 mace (weapon)
 e - a +0 hunting sling
Missiles
 b - 75 stones (quivered)
 c - 19 sling bullets
 f - 58 arrows
Armour
 a - a +0 robe (worn)
Jewellery
 g - a cursed amulet of inaccuracy (around neck)
Scrolls
 h - a scroll of amnesia


   Skills:
 + Level 1.2 Maces & Flails
 - Level 1.5 Dodging
 + Level 2.6 Stealth
 + Level 3.9 Spellcasting
 + Level 4.6 Necromancy


You had one spell level left.
You knew the following spells:

 Your Spells              Type           Power        Failure   Level  Hunger
a - Pain                  Necr           ###.         2%          1    N/A
b - Animate Skeleton      Necr           N/A          2%          1    N/A
c - Vampiric Draining     Necr           ###.......   9%          3    N/A
d - Animate Dead          Necr           N/A          26%         4    N/A

Your spell library contained the following spells:

 Spells                   Type           Power        Failure   Level  Hunger
 Regeneration             Chrm/Necr      Unusable     N/A         3    N/A

Dungeon Overview and Level Annotations

Branches:
Dungeon (3/15)

Altars:


Innate Abilities, Weirdness & Mutations

You do not eat or drink.
Your flesh is vulnerable to fire.
You are immune to poison.
Your flesh is cold resistant. (rC+)
You are immune to negative energy. (rN+++)
You are immune to unholy pain and torment.
You can survive without breathing.


Message History

You hit the worker ant.
The worker ant is severely wounded.
The worker ant bites you. The worker ant barely misses you.
You closely miss the worker ant.
The worker ant is severely wounded.
The worker ant bites you.
* * * LOW HITPOINT WARNING * * *
Casting: Vampiric Draining (safe; 9% risk of failure)
Confirm with . or Enter, or press ? or * to list all spells.
Aiming: Pain (safe; 2% risk of failure)
Press: ? - help, Shift-Dir - straight line, f/p - worker ant
Aim: a worker ant (severely wounded, chance to defeat MR: 81%)
The worker ant barely resists.
The worker ant bites you.
* * * LOW HITPOINT WARNING * * *
You closely miss the worker ant.
The worker ant is severely wounded.
The worker ant bites you.
* * * LOW HITPOINT WARNING * * *
The worker ant bites you!
You die...

########### #
..........#....
#...@.......
#....a)......
...............
###............
#............
#............
#....%.......
##...........


You could see a worker ant.

Vanquished Creatures
  4 gnolls (D:2)
  3 adders
  An ooze (D:2)
  A worm (D:2)
  A dart slug (D:2)
  A leopard gecko (D:2)
  An orc (D:3)
  4 bats
  4 giant cockroaches
  5 hobgoblins
  A frilled lizard (D:2)
  4 goblins
  5 kobolds
  7 rats
42 creatures vanquished.

Vanquished Creatures (collateral kills)
  A giant cockroach (D:2)
1 creature vanquished.

Grand Total: 43 creatures vanquished

Notes
Turn   | Place    | Note
-------+----------+-------------------------------------------
     0 | D:1      | tsouns the Mummy Necromancer began the quest for the Orb.
     0 | D:1      | Reached XP level 1. HP: 13/13 MP: 4/4
   317 | D:1      | Reached XP level 2. HP: 17/19 MP: 0/6
   352 | D:1      | Learned a level 1 spell: Animate Skeleton
   977 | D:2      | Reached XP level 3. HP: 24/24 MP: 1/7
  1317 | D:2      | Reached skill level 1 in Maces & Flails
  1317 | D:2      | Reached XP level 4. HP: 8/30 MP: 0/9
  1711 | D:2      | Learned a level 3 spell: Vampiric Draining
  1864 | D:2      | Learned a level 4 spell: Animate Dead
  1994 | D:3      | Slain by a worker ant

Levels and vault maps discovered:
D:1:      dpeg_arrival_tiny_a, layout_basic, st_stairs_14
D:2:      layout_rooms, serial_curves, eino_curves_01, eino_curves_02
D:3:      layout_rooms, lemuel_crystal_altar, minmay_door_square,
          roderic_batcave, trog_book

Skill      XL: |  1  2  3 |
---------------+----------+-----
Spellcasting   | 3 |  3.9
Stealth        | 2 |  2.6
Maces & Flails | 1 |  1.2
Dodging        | |  1.5
Necromancy     | |  4.6

Action                   |  1- 3 |  4- 6 || total
-------------------------+-------+-------++-------
Melee: Unarmed           |     4 |       ||     4
       Mace              |    16 |    11 ||    27
 Cast: Pain              |    64 |    26 ||    90
       Animate Skeleton  |     8 |     4 ||    12
       Vampiric Draining |       |     2 ||     2
  Use: Scroll            |     5 |       ||     5
 Stab: Sleeping          |     1 |       ||     1
Armor: Robe              |     8 |     1 ||     9
Dodge: Dodged            |    25 |    10 ||    35

Table legend:
 A = Non-vault XP
 B = Vault XP
 C = Vault XP percentage of total XP
 D = Non-vault monster count
 E = Vault monster count
 F = Vault count percentage of total count
                 A         B        C        D         E       F
            +---------+---------+-------+---------+---------+-------
      Total |     159 |       2 |   1.2 |      42 |       1 |   2.3
            +---------+---------+-------+---------+---------+-------
        D:1 |      25 |       2 |   7.4 |      16 |       1 |   5.9
        D:2 |     118 |       0 |   0.0 |      24 |       0 |   0.0
        D:3 |      16 |       0 |   0.0 |       2 |       0 |   0.0
            +---------+---------+-------+---------+---------+-------
